 Dungeon Crawl Stone Soup version 0.27-a0-1434-g6f15984924 (webtiles) character file.

Game seed: 10825672751571597563

282 27snakeeyes612 the Shield-Bearer (level 6, -1/39 HPs)
             Began as a Gargoyle Fighter on July 3, 2021.
             Slain by a kobold brigand (5 damage)
             ... in a sewer.
             The game lasted 00:03:13 (3744 turns).

27snakeeyes612 the Shield-Bearer (Gargoyle Fighter) Turns: 3744, Time: 00:03:14

Health: -1/39      AC: 11    Str: 22    XL:     6   Next: 28%
Magic:  2/2        EV:  7    Int:  8    God:
Gold:   68         SH:  9    Dex:  9    Spells: 5/5 levels left

rFire    . . .     SeeInvis .   t - +1 flail (antimagic)
rCold    . . .     Faith    .   c - +0 kite shield
rNeg     + . .     Spirit   .   b - +0 scale mail
rPois    ∞         Reflect  .   (no helmet)
rElec    +         Harm     .   (no cloak)
rCorr    .         Rampage  .   (no gloves)
Will     .....                  (no boots)
Stlth    ..........             (no amulet)
HPRegen  0.13/turn              (no ring)
MPRegen  0.08/turn              (no ring)

@: no status effects
A: sickness immunity, AC +4, negative energy resistance 1, electricity
resistance, torment resistance 1, petrification resistance
a: no special abilities


You were in a sewer.
You visited 1 branch of the dungeon, and saw 3 of its levels.
You also visited: Sewer.

You collected 68 gold pieces.

Inventory:

Hand Weapons
 a - a +0 flail
 t - a +1 antimagic flail (weapon)
Armour
 b - a +0 scale mail (worn)
 c - a +0 kite shield (worn)
Jewellery
 j - a ring of willpower
Scrolls
 e - a scroll of fear {unknown}
 h - a scroll of enchant armour {unknown}
 n - a scroll of summoning
 s - a scroll of noise
 u - a scroll of teleportation
 v - a scroll of identify {unknown}
Potions
 d - a potion of might
 f - a potion of brilliance {unknown}
 g - a potion of mutation {unknown}
 i - a potion of attraction {unknown}
 k - 2 potions of curing
 l - a potion of cancellation {unknown}
 m - 2 potions of lignification {unknown}
 o - 2 potions of heal wounds {unknown}
 p - a potion of degeneration {unknown}
 q - a potion of flight {unknown}
 r - a potion of ambrosia {unknown}


   Skills:
 + Level 4.7 Fighting
 + Level 3.5 Maces & Flails
 + Level 4.6 Armour
 + Level 4.7 Shields


You had 5 spell levels left.
You didn't know any spells.
Your spell library contained the following spells:

 Spells                   Type           Power      Damage    Failure   Level
 Magic Dart               Conj           0%         1d3       99%         1
 Call Imp                 Summ           0%         N/A       99%         2
 Mephitic Cloud           Conj/Pois/Air  0%         N/A       100%        3
 Fireball                 Conj/Fire      0%         3d3       100%        5
 Starburst                Conj/Fire      0%         8x6d3     100%        6
 Ignition                 Fire           0%         3d3       100%        8


Dungeon Overview and Level Annotations

Branches:
Dungeon (3/15)              Sewer (1/1)

Altars:


Innate Abilities, Weirdness & Mutations

You are immune to sickness and miasma.
Your stone body is resilient. (AC +4)
You are immune to poison.
You resist negative energy. (rN+)
You are resistant to electric shocks. (rElec)
You are resistant to unholy torment.
You are immune to petrification.


Message History

The kobold brigand is almost dead.
The kobold barely misses you. You block the kobold's attack.
You block the kobold brigand's attack. You block the kobold's attack.
You barely miss the kobold brigand.
The kobold brigand is almost dead.
You block the kobold's attack.
The kobold brigand hits you but does no damage.
The kobold hits you but does no damage. The kobold hits you with a +0 club.
The kobold brigand hits you with a +0 short sword of protection.
* * * LOW HITPOINT WARNING * * *
You hit the kobold brigand but do no damage.
The kobold brigand is almost dead.
You block the kobold's attack. x2
The kobold brigand hits you with a +0 short sword of protection.
* * * LOW HITPOINT WARNING * * *
You feel better. You block the kobold's attack. x2
The kobold brigand hits you but does no damage.
You barely miss the kobold brigand.
The kobold brigand is almost dead.
The kobold hits you but does no damage. The kobold barely misses you.
The kobold brigand hits you with a +0 short sword of protection.
The kobold hits you but does no damage. You block the kobold's attack.
You block the kobold brigand's attack.
You hit the kobold brigand but do no damage.
The kobold brigand is almost dead.
The kobold hits you with a +0 dagger. The kobold barely misses you.
The kobold brigand hits you with a +0 short sword of protection.
* * * LOW HITPOINT WARNING * * *
You closely miss the kobold brigand.
The kobold brigand is almost dead.
The kobold hits you but does no damage. The kobold hits you with a +0 club.
* * * LOW HITPOINT WARNING * * *
The kobold brigand closely misses you. The kobold completely misses you.
The kobold hits you but does no damage.
You hit the kobold brigand.
The kobold brigand is almost dead.
The kobold brigand barely misses you. The kobold hits you but does no damage.
You block the kobold's attack.
The kobold brigand hits you with a +0 short sword of protection.
You die...

#∩∩.#≈≈≈# #...'≈≈≈#
######≈≈≈######
#....#≈≈≈#.!..#
#..∩.#≈≈≈#.∩..#
#...)#≈≈≈#.!..#
#..))#≈≈≈#!?..
##''##≈≈≈##KK###
#....#≈≈≈#.K@..###
###...P#≈≈≈#.......#
#....≈≈≈≈≈≈#.......#
##...P≈≈≈≈≈#.......#
##...≈≈#≈≈≈#P......#
#....≈≈#≈≈≈#≈≈.P...#
#......#≈≈≈#P≈P....##
#......#≈≈≈≈≈≈......#
#......#≈≈≈≈≈≈......#


You could see a kobold brigand and 2 kobolds.

Vanquished Creatures
  A jelly (D:2)
  Jessica (D:2)
  An orc wizard (D:3)
  6 adders
  5 river rats (D:3)
  3 worms (D:2)
  2 dart slugs
  5 orcs (D:3)
  6 bats
  5 endoplasms
  3 giant cockroaches
  7 goblins
  4 hobgoblins
  7 jackals
  17 kobolds
  A quokka (D:1)
  3 ball pythons
  9 frilled lizards
  9 rats
95 creatures vanquished.

Notes
Turn   | Place    | Note
-------+----------+-------------------------------------------
     0 | D:1      | 27snakeeyes612 the Gargoyle Fighter began the quest for the
                  | Orb.
     0 | D:1      | Reached XP level 1. HP: 14/14 MP: 1/1
   215 | D:1      | Reached XP level 2. HP: 19/19 MP: 2/2
   797 | D:1      | Reached XP level 3. HP: 15/23 MP: 3/3
  1846 | D:2      | Reached XP level 4. HP: 16/29 MP: 4/4
  2335 | D:2      | Reached XP level 5. HP: 33/33 MP: 5/5
  2644 | D:2      | Noticed Jessica
  2648 | D:2      | Killed Jessica
  3129 | D:3      | Reached XP level 6. HP: 26/39 MP: 6/6
  3209 | D:3      | Found a glowing drain.
  3216 | Sewer    | Entered a sewer
  3744 | Sewer    | Slain by a kobold brigand

Illustrated notes

Levels and vault maps discovered:
D:1:      heliophobic_arrival_ceremonial_halls, layout_loops_corners,
          minmay_misc_feat_ornament, corner_web_ring, serial_bayou_pond_e
D:2:      layout_basic, minmay_hexomino_p4, uniq_jessica
D:3:      layout_loops_ring, vehumet_crystals, lightli_sewer_entry_pipes,
          kennysheep_generic_room_3, uniq_sigmund
Sewer:    kennysheep_pipe_town

Skill      XL: |  1  2  3  4 |
---------------+-------------+-----
Fighting       | 4 |  4.7
Armour         | 4 |  4.6
Shields        | 4 |  4.7
Maces & Flails | 3 |  3.5

Action                   |  1- 3 |  4- 6 || total
-------------------------+-------+-------++-------
Melee: Flail             |   137 |   294 ||   431
  Use: Scroll            |       |     4 ||     4
       Potion            |       |     4 ||     4
Armor: Scale mail        |    90 |   230 ||   320
Dodge: Dodged            |    59 |   125 ||   184
Block: Kite shield       |    85 |   219 ||   304

Table legend: (Time is in decaauts)
 A = Elapsed time spent in this place.
 B = Non-inter-level travel time spent in this place.
 C = Inter-level travel time spent in this place.
 D = Time resting spent in this place.
 E = Time spent auto-exploring this place.
 F = Levels seen in this place.
 G = Mean time per level.
                   A        B        C        D        E       F      G
               +--------+--------+--------+--------+--------+-----+--------+
         Total |   3993 |   3879 |    114 |    410 |   2501 |   4 |  998.2 |
       Dungeon |   3405 |   3291 |    114 |    247 |   2264 |   3 | 1135.0 |
         Sewer |    587 |    587 |      0 |    163 |    237 |   1 |  587.0 |
               +--------+--------+--------+--------+--------+-----+--------+

Top non-repeatable levels by time:
     D:1: 1813 daAuts
     D:2: 1120 daAuts
   Sewer: 587 daAuts
     D:3: 471 daAuts
